 Dungeon Crawl Stone Soup version 0.24.0-123-gd5b16e6ec5 (webtiles) character file.

Game seed: 8725535213386696671, levelgen mode: deterministic

592 Riock the Skirmisher (level 7, -10/60 HPs)
             Began as a Demonspawn Chaos Knight on Jan 4, 2020.
             Was a Plaything of Xom.
             Killed by nerve-wracking pain
             ... invoked by Menkaure
              (13 damage)
             ... on level 4 of the Dungeon.
             The game lasted 00:20:06 (3367 turns).

Riock the Skirmisher (Demonspawn Chaos Knight)      Turns: 3367, Time: 00:20:07

Health: -10/60     AC: 12    Str: 13    XL:     7   Next: 16%
Magic:  6/6        EV: 14    Int: 14    God:    Xom [..*...]
Gold:   321        SH:  0    Dex: 16    Spells: 6/6 levels left

rFire    . . .     SeeInvis .   a - +0 scythe
rCold    . . .     Gourm    .   (shield currently unavailable)
rNeg     . . .     Faith    .   b - +3 leather armour
rPois    .         Spirit   .   e - +0 helmet
rElec    .         Reflect  .   q - +0 cloak
rCorr    .         Harm     .   n - +1 pair of gloves {Dex+3}
MR       .....                  (no boots)
Stlth    ++........             (no amulet)
HPRegen  0.20/turn              (no ring)
MPRegen  0.10/turn              (no ring)

@: no status effects
A: claws 2, slimy green scales 1, low mp 1, nightstalker 1, robust 1
a: Renounce Religion


You were on level 4 of the Dungeon.
You worshipped Xom.
You were a toy of Xom.
You were not hungry.

You visited 1 branch of the dungeon, and saw 4 of its levels.

You collected 321 gold pieces.

Inventory:

Hand Weapons
 a - a +0 scythe (weapon)
 w - a +1 battleaxe of chaos
Armour
 b - a +3 leather armour (worn)
 e - a +0 helmet (worn)
 n - a +1 pair of gloves of dexterity (worn)
 q - a +0 cloak (worn)
Jewellery
 k - an uncursed ring of fire
Wands
 v - a wand of paralysis (7)
Scrolls
 d - 2 scrolls of enchant weapon
 f - 2 scrolls of noise {unknown}
 g - a scroll of amnesia {unknown}
 o - a scroll of immolation {unknown}
 p - 3 scrolls of identify
 r - 3 scrolls of remove curse {unknown}
 s - a scroll of random uselessness {unknown}
 t - 3 scrolls of teleportation {unknown}
Potions
 h - 3 potions of flight
 i - a potion of heal wounds
 j - a potion of agility {unknown}
 l - a potion of invisibility {unknown}
 m - a potion of mutation {unknown}
 u - a potion of curing {unknown}
 x - a potion of degeneration {unknown}
Comestibles
 c - 10 rations


   Skills:
 + Level 4.5 Fighting
 - Level 0.1(2.5) Axes
 + Level 4.2(4.3) Polearms
 + Level 3.5 Armour
 * Level 4.2 Dodging


You had 6 spell levels left.
You didn't know any spells.
Your spell library was empty.

Dungeon Overview and Level Annotations

Branches:
Dungeon (4/15)
 Temple: D:4-7

Altars:
Fedhas
Hepliaklqana
Nemelex Xobeh
Sif Muna
Wu Jian

Annotations:
D:4 Menkaure


Innate Abilities, Weirdness & Mutations

You have very sharp fingernails.
You are partially covered in slimy green scales. (AC +2)
You are slightly more attuned to the shadows.
Your magical capacity is low. (-10% MP)
You are robust. (+10% HP)


Message History

You hit Menkaure.
Menkaure is severely damaged.
Menkaure gestures at you while chanting.
You struggle to resist.
You barely miss Menkaure.
Menkaure is severely damaged.
Menkaure grins.
Menkaure closely misses you.
Menkaure calls on the powers of darkness!
Your body is wracked with pain!
You barely miss Menkaure.
Menkaure is severely damaged.
Menkaure hits you!!
* * * LOW HITPOINT WARNING * * *
You hit Menkaure.
Menkaure is almost destroyed.
Menkaure gestures at you while chanting.
Pain shoots through your body!
You die...
Xom bursts into laughter!

...... ..... ... # #.# ..#
##.##########+# .#.#
..........#.... ...
..........#....###.#
..........#..[...M.#
....P.....#.....@.#
..........#.......#
.......>†.#.......#
..........#.......#
########..#....##########
.).##...#.P.P..####.....##
........#PP..P..#........#
........+.P_PP..#........#
........#PPPPP..#........#


You could see Menkaure.

Vanquished Creatures
  An ogre (D:4)
  2 scorpions (D:4)
  An orc priest (D:4)
  2 orc wizards
  Robin (D:2)
  6 adders (D:2)
  4 oozes
  2 worms (D:2)
  A dart slug (D:4)
  4 leopard geckos
  6 orcs
  3 giant cockroaches
  4 hobgoblins
  11 jackals
  A quokka (D:4)
  A ball python (D:3)
  7 bats
  3 frilled lizards
  16 goblins
  6 kobolds
  9 rats
91 creatures vanquished.

Vanquished Creatures (collateral kills)
  Sigmund (D:4)
1 creature vanquished.

Vanquished Creatures (others)
  A giant cockroach (D:2)
1 creature vanquished.

Grand Total: 93 creatures vanquished

Notes
Turn   | Place    | Note
-------+----------+-------------------------------------------
     0 | D:1      | Riock the Demonspawn Chaos Knight began the quest for the
                  | Orb.
     0 | D:1      | Reached XP level 1. HP: 18/18 MP: 1/1
    10 | D:1      | Reached skill level 1 in Dodging
   147 | D:1      | Gained mutation: You have sharp fingernails. [demonic
                  | ancestry]
   147 | D:1      | Reached XP level 2. HP: 24/24 MP: 2/2
   168 | D:1      | XOM: potion effect (invisibility)
   370 | D:1      | XOM: summons 2 hostile shadow creatures
   605 | D:1      | XOM: swap monsters
   640 | D:1      | XOM: mild Erth miscast
   654 | D:1      | Reached XP level 3. HP: 29/29 MP: 3/3
   966 | D:2      | XOM: noise
   974 | D:2      | Reached XP level 4. HP: 30/35 MP: 4/4
  1186 | D:2      | Noticed Robin
  1201 | D:2      | XOM: god gift: runed halberd {god gift}
  1247 | D:2      | Killed Robin
  1262 | D:2      | Gained mutation: You have very sharp fingernails. [demonic
                  | ancestry]
  1262 | D:2      | Reached XP level 5. HP: 31/42 MP: 5/5
  1839 | D:3      | Found a shimmering blue altar of Sif Muna.
  2158 | D:3      | XOM: draining
  2171 | D:3      | XOM: 2-stop teleportation journey
  2256 | D:3      | XOM: give mutations
  2256 | D:3      | Gained mutation: Your magical capacity is low. (-10% MP)
                  | [Xom's mischief]
  2256 | D:3      | Gained mutation: Scrolls take you a little longer to read.
                  | [Xom's mischief]
  2256 | D:3      | Lost mutation: Scrolls take you a little longer to read.
                  | [Xom's mischief]
  2256 | D:3      | Gained mutation: You are robust. (+10% HP) [Xom's mischief]
  2270 | D:3      | XOM: god gift: potion of flight
  2286 | D:3      | Found a sparkling altar of Nemelex Xobeh.
  2300 | D:3      | Found an ornate altar of the Wu Jian Council.
  2318 | D:3      | Found a blossoming altar of Fedhas.
  2341 | D:3      | Found a hazy altar of Hepliaklqana.
  2448 | D:4      | Noticed Sigmund
  2454 | D:4      | XOM: summons 5 friendly demons
  2459 | D:4      | XOM: butterfly on damage
  2532 | D:4      | XOM: confuse monster(s)
  2549 | D:4      | Killed Sigmund
  2549 | D:4      | Gained mutation: You are slightly more attuned to the
                  | shadows. [demonic ancestry]
  2549 | D:4      | Reached XP level 6. HP: 51/52 MP: 5/5
  2649 | D:3      | XOM: divination: detect creatures
  2658 | D:3      | XOM: god gift: glowing battleaxe {god gift}
  2833 | D:4      | XOM: cast spell 'Alistair's Intoxication'
  2909 | D:4      | Found a blossoming altar of Fedhas.
  2967 | D:4      | Noticed Menkaure
  2967 | D:4      | XOM: 4-stop teleportation journey
  3017 | D:4      | Gained mutation: You are partially covered in slimy green
                  | scales. (AC +2) [demonic ancestry]
  3017 | D:4      | Reached XP level 7. HP: 36/60 MP: 6/6
  3220 | D:4      | XOM: god gift: wand of paralysis (7)
  3355 | D:4      | XOM: silly message
  3359 | D:4      | XOM: divination: detect creatures
  3361 | D:4      | XOM: cast spell 'Cause Fear'
  3366 | D:4      | HP: 3/60 [Menkaure (21)]
  3367 | D:4      | Killed from afar by Menkaure

Levels and vault maps discovered:
D:1:      mrwooster_arrival_statue_2, layout_loops_cross
D:2:      kennysheep_six_static_rooms, layout_basic, uniq_robin
D:3:      layout_basic, grunt_temple_overflow_cloverleaf, marbit_many_paths
D:4:      layout_gridville, nicolae_gozag_cash_rules_everything_around_me,
          first_ration, fedhas_altar_3, uniq_menkaure, uniq_sigmund

Skill      XL: |  1  2  3  4  5  6 |
---------------+-------------------+-----
Dodging        | 1 2 3 4 |  4.2
Polearms       | 3 4 |  4.2
Armour         | 2 3 |  3.5
Fighting       | 4 |  4.5
Axes           | |  0.1

Action                   |  1- 3 |  4- 6 |  7- 9 || total
-------------------------+-------+-------+-------++-------
Melee: Spear             |   112 |   199 |       ||   311
       Scythe            |       |    21 |    28 ||    49
       Battleaxe         |       |     4 |       ||     4
  Use: Scroll            |       |     3 |       ||     3
       Potion            |       |     2 |     2 ||     4
 Stab: Petrifying        |     1 |     1 |       ||     2
       Sleeping          |     1 |     1 |       ||     2
       Paralysed         |       |     2 |       ||     2
  Eat: Chunk             |       |     5 |       ||     5
       Ration            |       |     1 |       ||     1
Armor: Leather armour    |    30 |    65 |    11 ||   106
Dodge: Dodged            |    40 |   137 |    19 ||   196
